 Dungeon Crawl Stone Soup version 0.24.1 (webtiles) character file.

Game seed: 10563029305545589399, levelgen mode: deterministic

107 Destapler the Cudgeler (level 4, 0/28 HPs)
             Began as a Gargoyle Berserker on Mar 29, 2020.
             Was a Believer of Trog.
             Killed from afar by an orc wizard (1 damage)
             ... with a magic dart
             ... on level 3 of the Dungeon.
             The game lasted 00:03:48 (2099 turns).

Destapler the Cudgeler (Gargoyle Berserker)         Turns: 2099, Time: 00:03:48

Health: 0/28       AC:  6    Str: 21    XL:     4   Next: 86%
Magic:  4/4        EV: 12    Int:  8    God:    Trog [**....]
Gold:   170        SH:  0    Dex:  9    Spells: 3/3 levels left

rFire    . . .     SeeInvis .   s - +0 hand axe (venom)
rCold    . . .     Gourm    .   (no shield)
rNeg     + . .     Faith    .   b - +0 animal skin
rPois    ∞         Spirit   .   r - +0 helmet
rElec    +         Reflect  .   (no cloak)
rCorr    .         Harm     .   (no gloves)
MR       .....                  (no boots)
Stlth    +.........             (no amulet)
HPRegen  0.09/turn              (no ring)
MPRegen  0.09/turn              (no ring)

@: no status effects
A: negative energy resistance 1, electricity resistance, unbreathing,
petrification resistance, rot immunity, AC +3
a: Berserk, Trog's Hand, Renounce Religion


You were on level 3 of the Dungeon.
You worshipped Trog.
Trog was pleased with you.
You were not hungry.

You visited 1 branch of the dungeon, and saw 3 of its levels.

You collected 170 gold pieces.

Inventory:

Hand Weapons
 a - a +0 mace
 s - a +0 hand axe of venom (weapon)
Missiles
 f - 79 stones (quivered)
 l - 6 boomerangs
 p - 15 poisoned darts
Armour
 b - a +0 animal skin (worn)
 r - a +0 helmet (worn)
Wands
 o - a wand of random effects (20)
Scrolls
 d - a scroll of amnesia {unknown}
 e - 3 scrolls of teleportation {unknown}
 g - a scroll of remove curse {unknown}
 h - a scroll of fog {unknown}
 i - 3 scrolls of identify {unknown}
 j - a scroll of magic mapping {unknown}
 k - a scroll of immolation {unknown}
Potions
 m - 2 potions of curing {unknown}
 q - a potion of degeneration {unknown}
Comestibles
 c - 5 rations
 n - 8 chunks of flesh


   Skills:
 - Level 3.2 Fighting
 + Level 5.3 Maces & Flails
 - Level 2.1 Armour
 - Level 1.5 Dodging
 + Level 0.3 Evocations


You had 3 spell levels left.
You didn't know any spells.
Your spell library was empty.

Dungeon Overview and Level Annotations

Branches:
Dungeon (3/15)

Altars:
Gozag

Annotations:
D:3 Natasha


Innate Abilities, Weirdness & Mutations

You are resistant to torment.
Your stone body is resilient. (AC +3)
You are immune to poison.
You resist negative energy. (rN+)
You are resistant to electric shocks. (rElec)
You can survive without breathing.
You are immune to petrification.
You are immune to rotting.


Message History

You bump into the rock wall.
A dart slug comes into view.
The orc wizard hits you but does no damage.
The orc wizard completely misses you.
You hit the orc wizard.
The orc wizard is poisoned.
The orc wizard is lightly wounded.
You barely miss the orc wizard.
The orc wizard gestures wildly while chanting.
The orc wizard flickers and vanishes!
Deactivating autopickup; reactivate with Ctrl-A.
The orc wizard gestures at you while chanting.
The magic dart hits you.
* * * LOW HITPOINT WARNING * * *
You bump into the rock wall.
You feel less confused.
Natasha, Servant of Life and Death comes into view.
She is carrying a wand of flame (13).
You closely miss the orc. You hit the orc wizard. You completely miss the orc.
The orc wizard points at you and mumbles some strange words.
The magic dart hits you.
You die...

.#######...##.##.##..
## #.............. #
#.#÷....###...#
#.#..÷..###...# #
#.......#...####
##.#.....#.#.......
##.#............#
###.#.######.....####
.....#.## #.###@o..#
#.#..... ...#
#oo.....# #.#..###
###.# #$##h##.#
#....# #.. ..# ...
###..# #.# ...#
###..# #.# ..# .....#
#.. ..# ####.# ###
#.#


You could see an orc wizard, Natasha and 2 orcs.

Vanquished Creatures
  4 adders (D:2)
  2 oozes (D:2)
  3 worms
  3 leopard geckos
  2 ball pythons
  7 bats
  3 giant cockroaches
  5 goblins
  6 hobgoblins
  A quokka (D:3)
  6 frilled lizards
  5 kobolds
  6 rats (D:1)
53 creatures vanquished.

Notes
Turn   | Place    | Note
-------+----------+-------------------------------------------
     0 | D:1      | Destapler the Gargoyle Berserker began the quest for the
                  | Orb.
     0 | D:1      | Reached XP level 1. HP: 14/14 MP: 1/1
    62 | D:1      | Reached XP level 2. HP: 19/19 MP: 2/2
   369 | D:1      | Reached skill level 4 in Maces & Flails
   370 | D:1      | Reached ** piety under Trog
   496 | D:1      | Reached XP level 3. HP: 18/23 MP: 3/3
  1073 | D:2      | Reached XP level 4. HP: 24/28 MP: 4/4
  1105 | D:2      | Reached skill level 5 in Maces & Flails
  1754 | D:2      | Found an opulent altar of Gozag.
  2097 | D:3      | HP: 1/28 [orc wizard/magic dart (2)]
  2098 | D:3      | Noticed Natasha
  2099 | D:3      | Killed from afar by an orc wizard

Levels and vault maps discovered:
D:1:      lightli_arrival_flooded_house, layout_basic
D:2:      layout_loops_cross, kennysheep_nub,
          nicolae_gozag_cash_rules_everything_around_me
D:3:      layout_loops_cross, uniq_natasha, uniq_purgy, uniq_grinder,
          uniq_sigmund

Skill      XL: |  1  2  3  4 |
---------------+-------------+-----
Maces & Flails | 4 5 |  5.3
Fighting       | |  3.2
Armour         | |  2.1
Dodging        | |  1.5
Evocations     | |  0.3

Action                   |  1- 3 |  4- 6 || total
-------------------------+-------+-------++-------
Melee: Mace              |   110 |    71 ||   181
       Hand axe          |       |    12 ||    12
Invok: Berserk           |       |     1 ||     1
 Stab: Sleeping          |       |     1 ||     1
  Eat: Chunk             |     1 |     4 ||     5
Armor: Animal skin       |    34 |    18 ||    52
Dodge: Dodged            |    81 |    49 ||   130
